 Dungeon Crawl Stone Soup version 0.29.1-4-g47bece8355 (webtiles) character file.

Game seed: 4387659831368135736

2647 ChadusMaximus the Cleaver (level 9, -5/123 HPs)
             Began as a Minotaur Berserker on Dec 8, 2022.
             Was a Priest of Trog.
             Slain by a sky beast (6 damage)
             ... on level 8 of the Dungeon.
             The game lasted 00:05:35 (7895 turns).

ChadusMaximus the Cleaver (Minotaur Berserker)      Turns: 7895, Time: 00:05:36

Health: -5/123     AC:  3    Str: 26    XL:     9   Next: 36%
Magic:  8/8        EV:  9    Int:  4    God:    Trog [***...]
Gold:   471        SH:  7    Dex: 17    Spells: 8/8 levels left

rFire   . . .      SeeInvis .   a - +0 hand axe
rCold   . . .      Faith    .   g - +0 kite shield of Indemnity {Dex+7}
rNeg    . . .      Spirit   .   j - +2 plate armour
rPois   .          Reflect  .   (helmet restricted)
rElec   .          Harm     .   (no cloak)
rCorr   .          Rampage  .   (no gloves)
Will    .....                   (no boots)
Stlth   ..........              (no amulet)
HPRegen 0.30/turn               (no ring)
MPRegen 0.11/turn               (no ring)

@: berserking, corroded, very quick
A: horns 2, retaliatory headbutt
a: Renounce Religion, Berserk, Trog's Hand


You were on level 8 of the Dungeon.
You worshipped Trog.
Trog was most pleased with you.
You visited 1 branch of the dungeon, and saw 8 of its levels.
You also visited: Ossuary.

You collected 471 gold pieces.

Inventory:

Hand Weapons
 a - a +0 hand axe (weapon)
Armour
 b - a +0 animal skin
 g - the +0 kite shield of Indemnity (worn) {Dex+7}
   (You acquired it on level 7 of the Dungeon)

   Dex:       It affects your dexterity (+7).
 h - a +0 ring mail
 j - a +2 plate armour (worn)
Jewellery
 c - a +4 ring of evasion
 m - a ring of magical power
 p - a +6 ring of strength
 r - the amulet "Jomios" {Faith -Tele Int+2 Dex+6}
   (You found it on level 3 of the Dungeon)

   [amulet of faith]

   It allows you to gain divine favour quickly.
   Int:       It affects your intelligence (+2).
   Dex:       It affects your dexterity (+6).
   -Tele:     It prevents most forms of teleportation.
 v - a ring of see invisible
 D - a +6 ring of dexterity
 G - a ring of willpower
Wands
 u - a wand of polymorph (2)
 y - a wand of digging (6)
 I - a wand of flame (26)
Scrolls
 e - a scroll of summoning
 n - a scroll of poison
 o - 3 scrolls of teleportation
 s - a scroll of torment
 w - 2 scrolls of fog
 x - 4 scrolls of blinking
 C - a scroll of magic mapping {unknown}
 E - 2 scrolls of vulnerability
 F - a scroll of fear
 H - a scroll of identify
Potions
 d - a potion of lignification {unknown}
 f - 2 potions of mutation {unknown}
 i - 6 potions of curing {unknown}
 k - a potion of magic {unknown}
 l - a potion of haste {unknown}
 q - 6 potions of flight {unknown}
 t - a potion of attraction {unknown}
 z - 3 potions of might {unknown}
 A - 4 potions of resistance {unknown}
 B - a potion of degeneration {unknown}


   Skills:
 + Level 8.5 Fighting
 + Level 8.5 Axes
 + Level 8.0 Armour
 + Level 7.3 Dodging


You had 8 spell levels left.
You didn't know any spells.
Your spell library was empty.

Dungeon Overview and Level Annotations

Branches:
Dungeon (8/15)             Temple (0/1) D:6         Ossuary (visited)
   Lair: D:8-11

Altars:
Dithmenos
Gozag
Makhleb
Uskayaw

Shops:
D:3 (


Innate Abilities, Weirdness & Mutations

You have a pair of horns on your head.
You reflexively headbutt those who attack you in melee.


Message History

The acid corrodes you!
Your hands burn!
* * * LOW HITPOINT WARNING * * *
You hit the howler monkey. You block the bullfrog's attack.
The howler monkey hits you but does no damage.
You hit the bullfrog.
The bullfrog is severely wounded.
You slash the howler monkey!
You feel the power of Trog in you as your rage grows.
You kill the howler monkey!
Trog accepts your kill.
You slash something! You hit the jelly but do no damage.
Your hands burn!
* * * LOW HITPOINT WARNING * * *
The jelly hits you but does no damage. Something hits you.
* * * LOW HITPOINT WARNING * * *
Something shocks you.
* * * LOW HITPOINT WARNING * * *
The bullfrog hits you.
* * * LOW HITPOINT WARNING * * *
You barely miss the jelly.
The jelly is heavily wounded.
You hit the bullfrog. You miss something. You block the bullfrog's attack.
You block the jelly's attack.
A sky beast comes into view.
A sky beast appears from thin air!
Reactivating autopickup.
The sky beast hits you.
* * * LOW HITPOINT WARNING * * *
The sky beast shocks you.
* * * LOW HITPOINT WARNING * * *
Unknown command.
You slash the jelly!
You kill the jelly!
Trog accepts your kill.
You hit the bullfrog but do no damage. You hit the sky beast.
The bullfrog hits you.
* * * LOW HITPOINT WARNING * * *
The sky beast hits you.
* * * LOW HITPOINT WARNING * * *
The sky beast shocks you.
You die...

....#.. ...
....$.. ....
....... ..!#
....... ...##
....... ....###
.......##......###
....!.F..........#
.......@/# ..$....
......Y†.##...#
...>.§..†.<..#
.............#
!.............#
#.............#
..........#####
......#..##
.#...##.##


You could see a sky beast and a bullfrog.

Vanquished Creatures
  A troll (D:7)
  A wyvern (D:5)
  Edmund (D:6)
  An acid dragon (D:8)
  A black bear (D:7)
  An ice beast (D:6)
  A centaur (D:6)
  A phantom (D:5)
  4 bullfrogs
  A kobold brigand (D:7)
  2 necrophages
  A gnoll sergeant (D:7)
  6 scorpions
  An electric eel (D:6)
  3 howler monkeys
  2 orc priests
  5 hounds
  2 jellies
  5 iguanas
  Terence (D:3)
  3 orc wizards
  4 mummies (Ossuary)
  4 gnolls (D:7)
  11 adders
  An adder zombie (Ossuary)
  3 worms
  A dart slug (D:3)
  9 orcs
  An endoplasm (D:3)
  5 gnoll zombies (Ossuary)
  4 hobgoblins
  10 kobolds
  3 quokkas
  11 ball pythons
  5 bats
  5 frilled lizards
  6 goblins (D:3)
  A jackal zombie (Ossuary)
  2 kobold zombies (Ossuary)
  2 orc zombies (Ossuary)
  8 rats
  A rat zombie (Ossuary)
141 creatures vanquished.

Vanquished Creatures (others)
  A black bear (D:8)
1 creature vanquished.

Grand Total: 142 creatures vanquished

Notes
Turn   | Place    | Note
-------+----------+-------------------------------------------
     0 | D:1      | ChadusMaximus the Minotaur Berserker began the quest for
                  | the Orb.
     0 | D:1      | Reached XP level 1. HP: 19/19 MP: 0/0
   657 | D:1      | Found a faded altar of an unknown god.
   958 | D:2      | Reached XP level 2. HP: 23/27 MP: 1/1
  1193 | D:2      | Reached XP level 3. HP: 33/33 MP: 2/2
  1723 | D:3      | Noticed Terence
  1733 | D:3      | Killed Terence
  1734 | D:3      | Reached XP level 4. HP: 39/41 MP: 3/3
  1761 | D:3      | Reached ** piety under Trog
  1950 | D:3      | Found Oniobb's Antique Weapon Shop.
  1953 | D:3      | Identified the amulet "Jomios" {Faith -Tele Int+2 Dex+6}
  2186 | D:4      | Reached XP level 5. HP: 47/47 MP: 4/4
  2478 | D:4      | Reached skill level 5 in Fighting
  2495 | D:4      | Reached skill level 5 in Axes
  2862 | D:5      | Entered Level 5 of the Dungeon
  2920 | D:5      | Reached XP level 6. HP: 56/56 MP: 5/5
  2937 | D:5      | Noticed a wyvern
  2948 | D:5      | Killed a wyvern
  2953 | D:5      | Reached skill level 5 in Armour
  3207 | D:5      | Reached XP level 7. HP: 62/62 MP: 6/6
  3213 | D:5      | Found an opulent altar of Gozag.
  3484 | D:5      | Reached skill level 5 in Dodging
  4609 | D:6      | Reached XP level 8. HP: 58/71 MP: 7/7
  5748 | D:6      | Found a staircase to the Ecumenical Temple.
  5781 | D:6      | Noticed Edmund
  5790 | D:6      | Killed Edmund
  6326 | D:7      | Identified a scroll of acquirement
  6328 | D:7      | Acquired the +0 kite shield of Indemnity {Dex+7}
  6399 | D:7      | Found a sand-covered staircase.
  6409 | Ossuary  | Entered an ossuary
  6416 | Ossuary  | Reached *** piety under Trog
  6780 | D:7      | Found a hide-covered altar of Uskayaw.
  6877 | D:7      | Reached XP level 9. HP: 81/81 MP: 8/8
  6908 | D:7      | Noticed a troll
  7246 | D:7      | Killed a troll
  7723 | D:7      | Found a burning altar of Makhleb.
  7731 | D:7      | Found a shadowy altar of Dithmenos.
  7894 | D:8      | HP: 6/123 [sky beast (5)]
  7895 | D:8      | HP: 1/123 [sky beast (3)]
  7895 | D:8      | Slain by a sky beast

Illustrated notes

Levels and vault maps discovered:
D:1:      tarquinn_simple_flora_water_d, layout_loops_ring,
          shapermc_ecumenical_altar_petra, chequers_decorated_corner,
          ebering_dispersal_statue_hall
D:2:      layout_basic
D:3:      layout_rooms, serial_shops, nicolae_shop_competitors_out_of_business,
          minmay_goblin_kobold_house, uniq_terence
D:4:      layout_basic
D:5:      layout_basic, lemuel_round_altar, minmay_increasing_density
D:6:      layout_loops_corners, minmay_temple_entry_fiery, fountainhead,
          uniq_edmund
D:7:      layout_basic, overflow_temple_1_default,
          mainiacjoe_overflow_large_starburst, chequers_ossuary_entry_cave
D:8:      layout_cave_pools, xom_confusion_cloud, minmay_fountain_box

Skill      XL: |  1  2  3  4  5  6  7  8  9 |
---------------+----------------------------+-----
Fighting       | 4 5 6 8 |  8.5
Armour         | 3 4 5 6 7 8 |  8.0
Axes           | 4 5 6 8 |  8.5
Dodging        | 3 4 5 6 7 |  7.3

Action                   |  1- 3 |  4- 6 |  7- 9 || total
-------------------------+-------+-------+-------++-------
Melee: Hand axe          |    61 |   103 |   238 ||   402
       Headbutt          |    11 |    15 |    40 ||    66
       Punch             |     1 |     2 |       ||     3
Invok: Berserk           |     2 |     1 |     5 ||     8
       Trog's Hand       |       |       |     2 ||     2
  Use: Scroll            |       |       |    15 ||    15
Armor: Plate armour      |    40 |    62 |   111 ||   213
Dodge: Dodged            |    29 |    43 |    92 ||   164
Block: Kite shield       |       |       |    43 ||    43
